 Dungeon Crawl Stone Soup version 0.30-a0-748-ge6a52f7cba (webtiles) character file.

Game seed: 13153444262933394607

1 boo the Trooper (level 1, 0/18 HPs)
             Began as a Demonspawn Monk on Feb 9, 2023.
             Slain by a hobgoblin (4 damage)
             ... on level 1 of the Dungeon.
             The game lasted 00:00:32 (53 turns).

boo the Trooper (Demonspawn Monk)                     Turns: 53, Time: 00:00:33

Health: 0/18       AC:  2    Str: 11    XL:     1   Next: 16%
Magic:  1/1        EV: 13    Int: 11    God:
Gold:   0          SH:  0    Dex: 15    Spells: 0/0 levels left

rFire   . . .      SeeInvis .      - Unarmed
rCold   . . .      Faith    .    (no shield)
rNeg    . . .      Spirit   .    a - +0 robe
rPois   .          Reflect  .    (no helmet)
rElec   .          Harm     .    (no cloak)
rCorr   .          Rampage  .    (no gloves)
Will    .....                    (no boots)
Stlth   ++                       (no amulet)
HPRegen 0.23/turn                (no ring)
MPRegen 0.07/turn                (no ring)

@: no status effects
A: no striking features
a: no special abilities


You were on level 1 of the Dungeon.
You visited 1 branch of the dungeon, and saw 1 of its levels.

Inventory:

Armour
 a - a +0 robe (worn)
Potions
 b - a potion of ambrosia


   Skills:
 + Level 3.0 Fighting
 + Level 2.7 Dodging
 - Level 1.7 Stealth
 * Level 2.7 Unarmed Combat


You couldn't memorise any spells.
You didn't know any spells.
Your spell library was empty.

Dungeon Overview and Level Annotations

Branches:
Dungeon (1/15)

Altars:


Message History

There is an open door here.
You open the door.
There is an open door here.
You open the door.
There is an open door here.
You open the door.
Found 5 stones.
There is an open door here.
You open the door.
There is an open door here.
You open the door.
There is an open door here.
Found a chain mail.
A ball python comes into view.
A ball python is nearby!
Found a scroll labelled FIRCHU OTUNNUIL.
The ball python hisses angrily.
You hear a shout!
A goblin and a hobgoblin come into view.
Found 2 metallic cyan potions.
The goblin shouts!
You barely miss the ball python. The ball python barely misses you.
The ball python grabs you. The ball python constricts you.
You completely miss the ball python. The ball python bites you.
The ball python constricts you.
You hit the ball python.
You kill the ball python!
The hobgoblin hits you.
You barely miss the hobgoblin. The hobgoblin hits you.
You hit the hobgoblin but do no damage. The hobgoblin closely misses you.
You hit the hobgoblin but do no damage. The hobgoblin hits you.
You barely miss the hobgoblin.
The hobgoblin hits you but does no damage.
You closely miss the hobgoblin. The hobgoblin closely misses you.
You closely miss the hobgoblin. The hobgoblin hits you.
You hit the hobgoblin but do no damage. The hobgoblin hits you.
* * * LOW HITPOINT WARNING * * *
You completely miss the hobgoblin. The hobgoblin closely misses you.
You barely miss the hobgoblin. The hobgoblin barely misses you.
You completely miss the hobgoblin. The hobgoblin hits you.
You die...

##...#+#...##
##.##.##.##
##'##.##'##
##.##...##.##
#.##.....##.#
.##'...<...'##.
..###.....###..
....##...##!...
...#.##@##....#
......#g#......
.......g......#
.........[....#
..............#
..............#
#.............#
#.............#
#.....?.......#


You could see a hobgoblin and a goblin.

Vanquished Creatures
  A ball python (D:1)
1 creature vanquished.

Notes
Turn   | Place    | Note
-------+----------+-------------------------------------------
     0 | D:1      | boo the Demonspawn Monk began the quest for the Orb.
     0 | D:1      | Reached XP level 1. HP: 18/18 MP: 1/1
    53 | D:1      | Slain by a hobgoblin

Illustrated notes

Levels and vault maps discovered:
D:1:      dpeg_arrival_rhombi, layout_rooms,
          hellmonk_ecumenical_altar_leap_of_faith, minivault_27

Action                     || total
---------------------------++-------
  Melee: Unarmed           ||    13
 Armour: Robe              ||     1
  Dodge: Dodged            ||     5

Table legend: (Time is in decaauts)
 A = Elapsed time spent in this place.
 B = Non-inter-level travel time spent in this place.
 C = Inter-level travel time spent in this place.
 D = Time resting spent in this place.
 E = Time spent auto-exploring this place.
 F = Levels seen in this place.
 G = Mean time per level.
                   A        B        C        D        E       F      G
               +--------+--------+--------+--------+--------+-----+--------+
         Total |     52 |     52 |      0 |      0 |     31 |   1 |   52.0 |
       Dungeon |     52 |     52 |      0 |      0 |     31 |   1 |   52.0 |
               +--------+--------+--------+--------+--------+-----+--------+

Top non-repeatable levels by time:
     D:1: 52 daAuts
